 Dungeon Crawl Stone Soup version 0.29-a0-973-gac7da5f7f0 (webtiles) character file.

Game seed: 4263588663610818539

123 spiderkeys the Ducker (level 5, 0/37 HPs)
             Began as an Octopode Berserker on July 31, 2022.
             Was a Believer of Trog.
             Slain by a hobgoblin (2 damage)
             ... on level 3 of the Dungeon.
             The game lasted 00:02:24 (1757 turns).

spiderkeys the Ducker (Octopode Berserker)          Turns: 1757, Time: 00:02:24

Health: 0/37       AC:  1    Str: 19    XL:     5   Next: 7%
Magic:  5/5        EV: 14    Int:  9    God:    Trog [**....]
Gold:   83         SH:  0    Dex: 11    Spells: 4/4 levels left

rFire   . . .      SeeInvis .   a - +0 spear
rCold   . . .      Faith    .   (no shield)
rNeg    . . .      Spirit   .   (helmet restricted)
rPois   .          Reflect  .   (no amulet)
rElec   .          Harm     .   Y - +4 ring of slaying
rCorr   .          Rampage  .   (no ring)
Will    ++...                   (no ring)
Stlth   ++........              (no ring)
HPRegen 1.12/turn               (no ring)
MPRegen 0.09/turn               (no ring)
                                (no ring)
                                (no ring)

@: strong-willed, regenerating
A: almost no armour, amphibious, 8 rings, camouflage 1, gelatinous body 1,
(nimble swimmer 1), tentacles
a: Renounce Religion, Berserk, Trog's Hand


You were on level 3 of the Dungeon.
You worshipped Trog.
Trog was pleased with you.
You visited 1 branch of the dungeon, and saw 3 of its levels.

You collected 83 gold pieces.


Innate Abilities, Weirdness & Mutations

You cannot wear most types of armour.
You are amphibious.
You can wear up to eight rings at the same time.
Your skin changes colour to match your surroundings (Stealth+).
Your rubbery body absorbs attacks. (AC +1, EV +1)
((You are camouflaged when in or above water. (Stealth+)))
You have tentacles for arms and can constrict up to eight enemies at once.


   Skills:
 + Level 4.0 Fighting
 + Level 4.0 Polearms
 + Level 4.0 Dodging


You had 4 spell levels left.
You didn't know any spells.
Your spell library was empty.

Inventory:

Hand Weapons
 a - a +0 spear (weapon)
 b - a +0 sling
   (You found it on level 1 of the Dungeon)
Missiles
 d - 34 stones (quivered)
Jewellery
 Y - a +4 ring of slaying (left tentacle)
   (You found it on level 2 of the Dungeon)
Scrolls
 c - a scroll of brand weapon {unknown}
 e - a scroll of identify {unknown}
 f - a scroll of teleportation {@r4}
 g - a scroll of enchant armour {unknown}
 h - a scroll of blinking {unknown}
 l - a scroll of immolation {unknown}
 m - a scroll of magic mapping {unknown}
 n - a scroll of noise {unknown}
 q - a scroll of torment {unknown}
Potions
 i - a potion of mutation {unknown}
 j - a potion of heal wounds {unknown}
 k - a potion of brilliance {unknown}
 o - a potion of magic {unknown}
 p - a potion of degeneration {unknown}

Dungeon Overview and Level Annotations

Branches:
Dungeon (3/15) Zot: 16245

Altars:
Ru

.. #. +.............<
..##.##..............
.....................
..##.................
#.?.(............#
#.....###.......$#
#####...## ......
#.K).....# ..
#.g@)....#
#.{)........
....#####..##.#
#..... #.# # .....
..# ..... #... ....
.. #...


You could see a hobgoblin and a kobold.


Message History

The hobgoblin shouts!
The orc shouts!
You hear a shout!
An orc comes into view. It is wielding a +0 hand axe.
You reach to attack!
The kobold shouts!
You hit the hobgoblin.
You hear a shout! x2
You barely miss the hobgoblin. Your grab misses the hobgoblin.
An orc wizard comes into view. It is wielding a +0 dagger.
An orc comes into view. It is wielding a +0 whip.
The hobgoblin closely misses you.
You hit the hobgoblin.
You kill the hobgoblin!
Trog accepts your kill.
An orc comes into view. It is wielding a +0 club.
You hit the orc. You grab the orc. You constrict the orc.
The orc struggles to escape constriction.
The kobold hits you with a +0 club. 😕 HP[-3]
You take 3 damage, and now have 30/33 hp.
You completely miss the orc. You squeeze the orc, but do no damage.
You constrict the orc. The orc hits you with a +0 club.
The kobold barely misses you. 😕 HP[-3]
You take 3 damage, and now have 27/33 hp.
You hit the orc.
You kill the orc!
Trog accepts your kill. The kobold hits you with a +0 club.
Your Polearms skill increases to level 4!
You have reached level 5!
You feel stronger. 😕 HP[+1] MP[+1]
You now have 37 max hp (+4).
Your mp is fully restored (5).
The orc closely misses you.
A kobold comes into view. It is wielding a +0 dagger.
The orc barely misses you.
The orc wizard casts a spell.
The orc wizard flickers and vanishes!
Deactivating autopickup; reactivate with Ctrl-A.
The kobold barely misses you.
A hobgoblin comes into view.
Things that are here:
a +0 club; a +0 leather armour; 12 gold pieces The hobgoblin shouts!
You hit the kobold. You grab the kobold. You squeeze the kobold.
You kill the kobold!
Trog accepts your kill. The orc closely misses you.
You hit the orc. You grab the orc. You constrict the orc. You puncture the orc!
You kill the orc!
Trog accepts your kill.
You constrict the orc. The orc closely misses you. Something hits you. 😮 HP[-2]
You take 2 damage, and now have 26/37 hp.
You puncture the orc!
You kill the orc!
Trog accepts your kill. Something hits you. 😮 HP[-3]
You take 3 damage, and now have 23/37 hp.
You hit the orc. You grab the orc. You constrict the orc.
You kill the orc!
Trog accepts your kill.
You hear some strange, mumbled words.
Something tries to affect you, but you resist.
You hit something. Something hits you. 😮 HP[-3]
You take 3 damage, and now have 20/37 hp.
You barely miss something. Something hits you.
You puncture something! Your squeeze misses something.
The hobgoblin closely misses you. Something hits you.
* * * LOW HITPOINT WARNING * * *
😨 HP[-2]
You take 2 damage, and now have 18/37 hp.
You closely miss something. Your squeeze misses something.
The hobgoblin closely misses you. Something hits you.
* * * LOW HITPOINT WARNING * * *
😨 HP[-3]
You take 3 damage, and now have 15/37 hp.
You miss something. Your squeeze misses something. The hobgoblin hits you.
* * * LOW HITPOINT WARNING * * *
Something hits you.
* * * LOW HITPOINT WARNING * * *
😱 HP[-6]
You take 6 damage, and now have 9/37 hp.
Your skin crawls.
You feel strong-willed. The kobold completely misses you.
The hobgoblin hits you but does no damage.
You hear some strange, mumbled words.
A puff of flame appears from out of thin air!
The puff of flame hits you!
* * * LOW HITPOINT WARNING * * *
😱 HP[-6]
You take 6 damage, and now have 3/37 hp.
You miss something. The kobold hits you with a +0 dagger.
* * * LOW HITPOINT WARNING * * *
The hobgoblin hits you.
You die...

Skill      XL: |  1  2  3  4 |
---------------+-------------+-----
Dodging        | 4 |  4.0
Fighting       | 4 |  4.0
Polearms       | 4 |  4.0

Action                   |  1- 3 |  4- 6 || total
-------------------------+-------+-------++-------
Melee: Spear             |    47 |    59 ||   106
       Tentacles         |     9 |     7 ||    16
       Constrict         |    10 |    11 ||    21
       Punch             |     1 |       ||     1
 Fire: Sling             |     5 |       ||     5
Invok: Berserk           |     1 |       ||     1
       Trog's Hand       |       |     1 ||     1
  Use: Scroll            |       |     1 ||     1
 Stab: Sleeping          |     4 |     8 ||    12
       Distracted        |     1 |       ||     1
Armor: Skin              |     3 |     2 ||     5
Dodge: Dodged            |    19 |    24 ||    43

Levels and vault maps discovered:
D:1:      dpeg_arrival_snail, layout_loops_ring
D:2:      layout_rooms, basic_altar, shapermc_ecumenical_altar_totnotflames,
          uniq_jessica, uniq_terence
D:3:      layout_basic, mainiacjoe_overflow_six_doors_small, minivault_26

Notes
Turn   | Place    | Note
-------+----------+-------------------------------------------
     0 | D:1      | spiderkeys the Octopode Berserker began the quest for the
                  | Orb.
     0 | D:1      | Reached XP level 1. HP: 16/16 MP: 1/1
     0 | D:1      | magus.rc [v1.11.3]
    85 | D:1      | Reached XP level 2. HP: 13/21 MP: 2/2
   541 | D:1      | Reached XP level 3. HP: 18/26 MP: 3/3
   993 | D:2      | Noticed Jessica
   994 | D:2      | Noticed Terence
  1105 | D:1      | Killed Terence
  1155 | D:2      | Killed Jessica
  1156 | D:2      | Reached XP level 4. HP: 33/33 MP: 4/4
  1264 | D:2      | Reached ** piety under Trog
  1515 | D:2      | Reached skill level 4 in Dodging
  1556 | D:2      | Found a sacrificial altar of Ru.
  1591 | D:2      | Found a faded altar of an unknown god.
  1696 | D:3      | Reached skill level 4 in Fighting
  1745 | D:3      | Reached skill level 4 in Polearms
  1745 | D:3      | Reached XP level 5. HP: 28/37 MP: 5/5
  1755 | D:3      | HP: 9/37 [something (2)]
  1756 | D:3      | HP: 3/37 [something/puff of flame (7)]
  1757 | D:3      | Slain by a hobgoblin

Vanquished Creatures
  Jessica (D:2)
  Terence (D:1)
  An adder (D:2)
  3 dart slugs (D:1)
  4 orcs (D:3)
  3 bats
  4 endoplasms
  2 giant cockroaches (D:1)
  4 goblins
  7 hobgoblins
  8 kobolds
  4 ball pythons
  3 frilled lizards
  6 rats
51 creatures vanquished.

Table legend:
 A = Non-vault XP
 B = Vault XP
 C = Vault XP percentage of total XP
 D = Non-vault monster count
 E = Vault monster count
 F = Vault count percentage of total count
                 A         B        C        D         E       F
            +---------+---------+-------+---------+---------+-------
      Total |     104 |      73 |  41.2 |      49 |       2 |   3.9
            +---------+---------+-------+---------+---------+-------
        D:1 |      42 |      36 |  46.2 |      21 |       1 |   4.5
        D:2 |      43 |      37 |  46.2 |      20 |       1 |   4.8
        D:3 |      19 |       0 |   0.0 |       8 |       0 |   0.0
            +---------+---------+-------+---------+---------+-------

Illustrated notes

Table legend:
 A = Kills in this place as a percentage of kills in entire the game.
 B = Kills by you in this place as a percentage of kills by you in the entire game.
 C = Kills by friends in this place as a percentage of kills by friends in the entire game.
 D = Other kills in this place as a percentage of other kills in the entire game.
 E = Experience gained in this place as a percentage of experience gained in the entire game.
 F = Experience gained in this place divided by the number of levels of this place that you have seen.
                   A       B       C       D       E      F
               +-------+-------+-------+-------+-------+----------------------
         Total | 100.0 | 100.0 |   N/A |   N/A | 100.0 |  59.0
       Dungeon | 100.0 | 100.0 |   N/A |   N/A | 100.0 |  59.0
               +-------+-------+-------+-------+-------+----------------------

Table legend: (Time is in decaauts)
 A = Elapsed time spent in this place.
 B = Non-inter-level travel time spent in this place.
 C = Inter-level travel time spent in this place.
 D = Time resting spent in this place.
 E = Time spent auto-exploring this place.
 F = Levels seen in this place.
 G = Mean time per level.
                   A        B        C        D        E       F      G
               +--------+--------+--------+--------+--------+-----+--------+
         Total |   1753 |   1713 |     40 |    139 |   1312 |   3 |  584.3 |
       Dungeon |   1753 |   1713 |     40 |    139 |   1312 |   3 |  584.3 |
               +--------+--------+--------+--------+--------+-----+--------+

Top non-repeatable levels by time:
     D:1: 1143 daAuts
     D:2: 546 daAuts
     D:3: 63 daAuts
